 Dungeon Crawl Stone Soup version 0.28.0-43-g3370ac3207 (webtiles) character file.

Game seed: 5650205902299182900

39 demenzo the Skirmisher (level 3, -4/40 HPs)
             Began as an Ogre Cinder Acolyte on Mar 24, 2022.
             Was a High Priest of Ignis.
             Slain by Natasha (6 damage)
             ... on level 2 of the Dungeon.
             The game lasted 00:01:15 (1476 turns).

demenzo the Skirmisher (Ogre Cinder Acolyte)        Turns: 1476, Time: 00:01:16

Health: -4/40      AC:  3    Str: 18    XL:     3   Next: 47%
Magic:  6/6        EV:  9    Int: 15    God:    Ignis [*****.]
Gold:   76         SH:  0    Dex:  6    Spells: 4/6 levels left

rFire   + . .      SeeInvis .   a - -1 mace (flame)
rCold   . . .      Faith    .   (no shield)
rNeg    + . .      Spirit   .   b - +0 robe
rPois   .          Reflect  .   (helmet restricted)
rElec   .          Harm     .   (no cloak)
rCorr   .          Rampage  .   (gloves unavailable)
Will    .....                   (boots unavailable)
Stlth   +.........              (no amulet)
HPRegen 0.13/turn               e - ring of positive energy
MPRegen 0.10/turn               (no ring)

@: slowed, very slow
A: large, unfitting armour, tough skin 1
a: Renounce Religion, Fiery Armour, Foxfire Swarm, Rising Flame


You were on level 2 of the Dungeon.
You worshipped Ignis.
Ignis was extremely pleased with you.
You visited 1 branch of the dungeon, and saw 2 of its levels.

You collected 76 gold pieces.

Inventory:

Hand Weapons
 a - a -1 mace of flaming (weapon)
 i - a +0 flail
Missiles
 f - 61 stones (quivered)
 g - 15 sling bullets
 h - 3 large rocks
Armour
 b - a +0 robe (worn)
Jewellery
 e - a ring of positive energy (left hand)
Scrolls
 c - 4 scrolls of identify {unknown}
Potions
 d - a potion of might {unknown}


   Skills:
 + Level 4.5 Fighting
 * Level 3.4 Maces & Flails
 + Level 2.0 Spellcasting
 - Level 2.6 Fire Magic


You had 4 spell levels left.
You knew the following spells:

 Your Spells              Type           Power      Damage    Failure   Level
a - Scorch                Fire           18%        2d5       11%         2

Your spell library contained the following spells:

 Spells                   Type           Power      Damage    Failure   Level


Dungeon Overview and Level Annotations

Branches:
Dungeon (2/15)

Altars:

Annotations:
D:2 Natasha


Innate Abilities, Weirdness & Mutations

You are too large for most types of armour.
You have tough skin. (AC +1)


Message History

A goblin is nearby!
You hit the goblin. You burn the goblin.
You kill the goblin!
You now have 66 gold pieces (gained 6).
You now have 76 gold pieces (gained 10).
Key pressed, stopping explore.
No target in view!
Natasha, Servant of Life and Death comes into view.
Found a scroll labelled BOQOXT JYACZUS.
Natasha hisses angrily.
Natasha howls an incantation.
Natasha glows brightly for a moment.
You barely miss Natasha.
Natasha stares at you and mumbles some strange words.
You resist with some effort.
Natasha is nearby!
You closely miss Natasha.
Natasha drinks a potion.
Natasha flickers and vanishes!
Deactivating autopickup; reactivate with Ctrl-A.
There is a strange disturbance nearby!
No target in view!
There is a strange disturbance nearby!
No target in view!
No target in view!
No target in view!
You miss something. Something claws you.
You closely miss something.
You hear some strange, mumbled words.
You feel yourself slow down. Something claws you.
You closely miss something. Something claws you.
You hear some strange, mumbled words.
You miss something. Something claws you!
You hit something but do no damage. Something claws you. The iron imp hits you!
Something claws you!
* * * LOW HITPOINT WARNING * * *
The iron imp barely misses you.
You barely miss something. Something claws you.
* * * LOW HITPOINT WARNING * * *
Something claws you.
You die...

#.. .. #..###.#
#..#.... #..#.#.#
#..#.#.# #..#.#.# #
#..#.#{###.# ..
######....@5....#
#.##.........#.#####
.........####.#
##......# ?# ##
###.....#.####.##
.#.#...#............
.#.#.###..^..####.##
.#.......)...# .#
####.###.....#


You could see an iron imp (summoned).

Vanquished Creatures
  A worm (D:2)
  2 endoplasms (D:1)
  A giant cockroach (D:1)
  3 goblins
  4 hobgoblins (D:1)
  6 jackals (D:1)
  2 kobolds
  A quokka (D:1)
  3 bats
  6 frilled lizards
  5 rats
34 creatures vanquished.

Notes
Turn   | Place    | Note
-------+----------+-------------------------------------------
     0 | D:1      | demenzo the Ogre Cinder Acolyte began the quest for the
                  | Orb.
     0 | D:1      | Reached XP level 1. HP: 24/24 MP: 2/2
   189 | D:1      | Reached XP level 2. HP: 32/32 MP: 2/4
   824 | D:1      | Reached XP level 3. HP: 40/40 MP: 5/5
  1362 | D:2      | Learned a level 2 spell: Scorch
  1468 | D:2      | Noticed Natasha
  1476 | D:2      | HP: 2/40 [something (4)]
  1476 | D:2      | Slain by Natasha

Illustrated notes

Levels and vault maps discovered:
D:1:      lemuel_arrival_lava_pool, layout_basic
D:2:      layout_basic, uniq_natasha

Skill      XL: |  1  2  3 |
---------------+----------+-----
Maces & Flails | 3 |  3.4
Spellcasting   | 2 |  2.0
Fighting       | |  4.5
Fire Magic     | |  2.6

Action                   || total
-------------------------++-------
Melee: Mace              ||   110
       Punch             ||     3
Armor: Robe              ||    52
Dodge: Dodged            ||    59
